 Dungeon Crawl Stone Soup version 0.29-a0-757-g358383b (webtiles) character file.

Game seed: 11438782072011344274

40868 Illumine the Brawler (level 13, 0/131 HPs)
             Began as a Troll Cinder Acolyte on June 30, 2022.
             Was a Believer of Ignis.
             Slain by a two-headed ogre
             ... wielding a +0 giant club
              (21 damage)
             ... on level 1 of the Orcish Mines.
             The game lasted 00:31:48 (14996 turns).

Illumine the Brawler (Troll Cinder Acolyte)        Turns: 14996, Time: 00:31:48

Health: 0/131      AC:  7    Str: 29    XL:     13   Next: 76%
Magic:  12/15      EV: 10    Int: 10    God:    Ignis [**....]
Gold:   1094       SH:  5    Dex:  5    Spells: 14/16 levels left

rFire   + + +      SeeInvis .     - Unarmed
rCold   + . .      Faith    .   (no shield)
rNeg    + . .      Spirit   .   t - +1 robe {rF+}
rPois   .          Reflect  +   M - +2 hat
rElec   .          Harm     .   P - scarf {rC+ rF+}
rCorr   .          Rampage  .   (gloves unavailable)
Will    +....                   (boots unavailable)
Stlth   +.........              O - amulet of reflection
HPRegen 1.11/turn               e - ring of willpower
MPRegen 0.14/turn               q - ring of positive energy

@: wereblooded, studying Staves
A: large, unfitting armour, claws 3, regeneration 1, shaggy fur 1, tough skin 1
a: Renounce Religion, Fiery Armour, Foxfire Swarm, Rising Flame


You were on level 1 of the Orcish Mines.
You worshipped Ignis.
Ignis was pleased with you.
You visited 3 branches of the dungeon, and saw 18 of its levels.
You also visited: Bailey.

You collected 1094 gold pieces.

Inventory:

Hand Weapons
 a - a +6 scimitar of flaming
Missiles
 g - 31 poisoned darts
 i - 2 boomerangs of dispersal
 z - a throwing net
 C - 23 boomerangs
 N - 6 large rocks (quivered)
 U - 6 javelins
Armour
 t - a +1 robe of fire resistance (worn)
 u - a +2 cloak of poison resistance
 B - +0 steam dragon scales
 M - a +2 hat (worn)
 P - a scarf of resistance (worn)
Jewellery
 c - a ring of flight
 e - a ring of willpower (left claw)
 p - a ring of fire
 q - a ring of positive energy (right claw)
 s - an amulet of regeneration
 F - a ring of ice
 K - an amulet of magic regeneration
 O - an amulet of reflection (around neck)
 X - a ring of ice
Wands
 E - a wand of charming (8)
 I - a wand of mindburst (8)
 R - a wand of iceblast (14)
 S - a wand of quicksilver (8)
 W - a wand of flame (20)
Scrolls
 d - 4 scrolls of fear
 l - 5 scrolls of teleportation
 m - a scroll of silence
 o - 3 scrolls of brand weapon
 r - 3 scrolls of blinking
 v - a scroll of poison
 w - 2 scrolls of immolation
 y - a scroll of torment {unknown}
 A - 2 scrolls of fog
 L - a scroll of magic mapping {unknown}
 T - a scroll of vulnerability {unknown}
Potions
 b - 6 potions of curing
 f - 3 potions of might
 h - 5 potions of invisibility
 j - 2 potions of ambrosia
 k - 2 potions of attraction
 n - 3 potions of heal wounds
 x - 3 potions of magic
 D - 5 potions of resistance
 G - a potion of haste {unknown}
 H - a potion of flight {unknown}
 J - 2 potions of brilliance
 Q - 2 potions of lignification {unknown}
 V - a potion of berserk rage {unknown}


   Skills:
 + Level 9.3 Fighting
 - Level 2.4 Long Blades
 + Level 7.8 Throwing
 + Level 6.3 Armour
 + Level 6.2 Dodging
 * Level 15.1 Unarmed Combat
 - Level 2.0 Spellcasting
 + Level 2.6 Transmutations
 - Level 2.1 Fire Magic
 + Level 4.6 Evocations


You had 14 spell levels left.
You knew the following spells:

 Your Spells              Type           Power      Damage    Failure   Level
a - Wereblood             Tmut           6%         N/A       16%         2

Your spell library contained the following spells:

 Spells                   Type           Power      Damage    Failure   Level
 Beastly Appendage        Tmut           12%        N/A       11%         1
 Sting                    Tmut/Pois      12%        1d3       19%         1
 Scorch                   Fire           10%        2d5       19%         2
 Magic Dart               Conj           4%         1d3       30%         1
 Slow                     Hex            4%         N/A       30%         1
 Call Imp                 Summ           1%         N/A       43%         2
 Poisonous Vapours        Pois/Air       2%         N/A       43%         2
 Ignite Poison            Fire/Tmut/Pois 4%         N/A       43%         3
 Spider Form              Tmut/Pois      3%         N/A       50%         3
 Conjure Flame            Conj/Fire      3%         6-21      52%         3
 Confusing Touch          Hex            1%         N/A       67%         3
 Frozen Ramparts          Ice            2%         1d2       67%         3
 Gell's Gravitas          Tloc           1%         N/A       67%         3
 Mephitic Cloud           Conj/Pois/Air  1%         N/A       67%         3
 Portal Projectile        Hex/Tloc       2%         N/A       67%         3
 Tukima's Dance           Hex            1%         N/A       67%         3
 Vampiric Draining        Necr           1%         2d6       67%         3
 Ice Form                 Ice/Tmut       3%         N/A       88%         4
 Petrify                  Tmut/Erth      3%         N/A       88%         4
 Sticky Flame             Conj/Fire      3%         2d3       89%         4
 Blade Hands              Tmut           3%         N/A       96%         5
 Cause Fear               Hex            0%         N/A       97%         4
 Corpse Rot               Necr/Pois/Air  1%         N/A       97%         4
 Olgreb's Toxic Radiance  Pois           1%         N/A       97%         4
 Summon Ice Beast         Ice/Summ       1%         N/A       97%         4
 Irradiate                Conj/Tmut      1%         3d13      99%         5
 Metabolic Englaciation   Hex/Ice        0%         N/A       100%        5
 Summon Forest            Summ/Tloc      0%         N/A       100%        5
 Statue Form              Tmut/Erth      2%         N/A       100%        6
 Dragon Form              Tmut           3%         N/A       100%        7
 Malign Gateway           Summ/Tloc      0%         N/A       100%        7
 Dragon's Call            Summ           0%         N/A       100%        9


Dungeon Overview and Level Annotations

Branches:
Dungeon (13/15)            Temple (0/1) D:7            Lair (3/6) D:11
    Orc (2/2) D:12         Vaults (0/5) D:13         Bailey (visited)
  Swamp: Lair:2-4    Shoals: Lair:2-4     Snake: Lair:2-4    Spider: Lair:2-4
    Elf: Orc:2

Altars:
Ashenzari
Makhleb
Nemelex Xobeh
Okawaru
Qazlal
Sif Muna
Trog
Wu Jian
Yredelemnul
Zin

Shops:
D:4 [   D:6 !

Annotations:
D:9 3 runed translucent doors, PurpleRed's ghost, novice DEBr
Lair:3 1 exclusion, Rupert
Orc:2 1 runed translucent door


Innate Abilities, Weirdness & Mutations

You are too large for most types of armour.
You have claws for hands.
Your natural rate of healing is unusually fast.
You are covered in fur. (AC +1)
You have tough skin. (AC +1)


Message History

You are very lightly contaminated with residual magic.
Nothing appears to happen.
Unknown command.
Casting: Wereblood (safe; 16% risk of failure)
Confirm with . or Enter, or press ? or * to list all spells.
Your blood is infused with primal strength.
You climb downwards.
Level annotation: 1 runed translucent door The two-headed ogre shouts in stereo!
You hear a shout!
The ogre barely misses you.
The ogre hits you with a +0 giant spiked club!
You block the two-headed ogre's attack. x2
The two-headed ogre barely misses you. x2
An ogre comes into view.
It is wielding a +0 giant spiked club. x2
An ogre comes into view. It is wielding a +0 giant club.
You hear two shouts!
There is a stone staircase leading up, spattered with blood here.
You block the ogre's attack. The ogre misses you.
The two-headed ogre hits you with a +0 giant club!!
The two-headed ogre hits you with a +0 giant club!
The ogre mage barely misses you. The two-headed ogre closely misses you.
The two-headed ogre misses you.
You hear two shouts!
You climb upwards.
There is a stone staircase leading down, spattered with blood here.
Things that are here:
a +0 dagger; an orc corpse The ogre hits you with a +0 giant spiked club!!
Your magical contamination has completely faded away.
Things that are here:
a +0 short sword; an orc corpse
There is a staircase back to the Dungeon, spattered with blood here.
Unknown command.
The two-headed ogre hits you with a +0 giant spiked club!!
* * * LOW HITPOINT WARNING * * *
The two-headed ogre hits you with a +0 giant club!
* * * LOW HITPOINT WARNING * * *
The ogre completely misses you.
The two-headed ogre hits you with a +0 giant club!!
You die...

###.#...........#.....#
##........##....#.#.#.##
#...................###
###..#...........#.....##
##..##...........#.......##
##..........[[.............#
#.......#....>.O...........#
##.##.##.#....OO...#...#...#
#####.......OO@[.....##...#
#....##..........####.##
##.#######.....### ### ###
#....### ##...# ##.## ###


You could see 3 two-headed ogres and 2 ogres.

Vanquished Creatures
  Fannar (D:11)
  2 vault guards (Bailey)
  2 boulder beetles (D:13)
  Erolcha (D:12)
  3 hydras
  2 ogre magi
  3 centaur warriors (D:13)
  4 death yaks (Lair:3)
  4 two-headed ogres
  Erica (Lair:2)
  Sonja (D:12)
  Nergalle (D:10)
  4 skeletal warriors (D:13)
  Pikel (D:4)
  An ugly thing (D:13)
  3 cyclopes
  2 black mambas (Lair:1)
  A manticore (D:12)
  Maurice (D:12)
  An unseen horror (D:13)
  2 tengu conjurers (D:11)
  5 komodo dragons
  2 hornets
  6 trolls
  A polar bear (Lair:1)
  4 blink frogs (Lair:2)
  18 slime creatures
  Prince Ribbit (Bailey)
  Sigmund (D:3)
  4 shadows
  3 wraiths
  2 wyverns
  21 yaks
  A vampire (D:9)
  A basilisk (D:13)
  2 humans (Bailey)
  2 steam dragons
  A two-headed ogre zombie (D:12)
  A water moccasin (D:8)
  2 acid dragons
  6 orc warriors
  3 black bears
  3 ice beasts
  2 sky beasts
  2 ogres
  5 centaurs
  14 wolves
  A lemure (D:4)
  2 kobold brigands
  19 bullfrogs
  A gnoll sergeant (D:10)
  5 scorpions
  A necrophage (D:5)
  9 wights
  A troll zombie (D:12)
  2 electric eels (Lair:2)
  A hound (D:4)
  4 jellies
  8 orc priests
  Crazy Yiuf (D:3)
  2 gnoll shamans
  15 orc wizards
  3 iguanas
  Terence (D:3)
  2 killer bee zombies (D:7)
  6 ogre zombies (D:12)
  22 gnolls
  12 adders
  3 white imps
  An ufetubus (D:4)
  3 worms
  4 dart slugs
  50 orcs
  8 ball pythons
  6 bats
  10 endoplasms
  3 giant cockroaches
  5 hobgoblins
  2 jackals (D:1)
  8 kobolds
  2 quokkas (D:3)
  2 frilled lizards
  14 goblins
  2 goblin skeletons (D:12)
  A goblin zombie (D:12)
  A hobgoblin skeleton (D:12)
  4 hobgoblin zombies (D:12)
  An orc skeleton (D:12)
  16 orc zombies (D:12)
  2 rats
420 creatures vanquished.

Vanquished Creatures (others)
  41 foxfires
  16 fungi
  16 plants
73 creatures vanquished.

Grand Total: 493 creatures vanquished

Notes
Turn   | Place    | Note
-------+----------+-------------------------------------------
     0 | D:1      | Illumine the Troll Cinder Acolyte began the quest for the
                  | Orb.
     0 | D:1      | Reached XP level 1. HP: 22/22 MP: 1/1
    77 | D:1      | Reached skill level 1 in Unarmed Combat
   124 | D:1      | Reached XP level 2. HP: 29/29 MP: 2/2
   186 | D:1      | Reached skill level 2 in Unarmed Combat
   588 | D:1      | Found a faded altar of an unknown god.
   781 | D:2      | Reached XP level 3. HP: 17/36 MP: 1/3
   956 | D:2      | Reached skill level 3 in Unarmed Combat
  1037 | D:2      | Reached XP level 4. HP: 44/44 MP: 4/4
  1092 | D:2      | Reached skill level 4 in Unarmed Combat
  1680 | D:3      | Noticed Sigmund
  1737 | D:3      | Reached XP level 5. HP: 50/50 MP: 5/5
  1855 | D:3      | Noticed Terence
  1870 | D:3      | Killed Terence
  1890 | D:3      | Killed Sigmund
  1891 | D:3      | Reached skill level 1 in Dodging
  1891 | D:3      | Reached skill level 5 in Unarmed Combat
  1891 | D:3      | Reached XP level 6. HP: 61/61 MP: 6/6
  2000 | D:3      | Found a runed translucent door.
  2001 | D:3      | Noticed Crazy Yiuf
  2008 | D:3      | Killed Crazy Yiuf
  2276 | D:4      | Noticed a sky beast
  2289 | D:4      | Found a glowing silver altar of Zin.
  2363 | D:4      | Killed a sky beast
  2447 | D:4      | Found a broken altar of Ashenzari.
  2511 | D:4      | Noticed Pikel
  2532 | D:4      | Killed Pikel
  2533 | D:4      | Reached skill level 7 in Unarmed Combat
  2533 | D:4      | Reached XP level 7. HP: 57/70 MP: 5/7
  2540 | D:4      | Reached XP level 8. HP: 68/78 MP: 5/8
  2877 | D:4      | Found Kazomaex's Armour Shoppe.
  3047 | D:5      | Entered Level 5 of the Dungeon
  3286 | D:5      | Reached skill level 8 in Unarmed Combat
  3372 | D:5      | Found a shimmering blue altar of Sif Muna.
  3631 | D:5      | Identified the +5 scale mail of the Locust {Str+5}
  3688 | D:6      | Reached skill level 5 in Fighting
  3732 | D:6      | Reached skill level 1 in Evocations
  3795 | D:6      | Found Hesei's Distillery.
  3830 | D:6      | Found a sparkling altar of Nemelex Xobeh.
  3830 | D:6      | Found a burning altar of Makhleb.
  3830 | D:6      | Found an ornate altar of the Wu Jian Council.
  3837 | D:6      | Found a stormy altar of Qazlal.
  3845 | D:6      | Identified the +1 leather armour of Ubiquitous Beauty {Harm
                  | Int+4 SInv}
  4117 | D:6      | Found a bloodstained altar of Trog.
  4163 | D:6      | Reached XP level 9. HP: 78/88 MP: 6/9
  4391 | D:6      | Reached skill level 9 in Unarmed Combat
  4408 | D:6      | Found an iron altar of Okawaru.
  4934 | D:7      | Found a flagged portal.
  4970 | Bailey   | Entered a bailey
  4986 | Bailey   | Reached skill level 5 in Dodging
  5024 | Bailey   | Reached skill level 1 in Throwing
  5029 | Bailey   | Reached skill level 10 in Unarmed Combat
  5092 | Bailey   | Reached XP level 10. HP: 87/98 MP: 6/10
  5156 | Bailey   | Noticed Prince Ribbit
  5156 | Bailey   | Noticed a vault guard
  5165 | Bailey   | Killed Prince Ribbit
  5175 | Bailey   | Killed a vault guard
  5212 | Bailey   | Noticed a vault guard
  5225 | Bailey   | Killed a vault guard
  5365 | D:7      | Found a basalt altar of Yredelemnul.
  5507 | D:7      | Reached skill level 11 in Unarmed Combat
  5698 | D:7      | Found a staircase to the Ecumenical Temple.
  5917 | D:7      | Got the Handbook of Spatial Transmigration
  6613 | D:8      | Reached skill level 1 in Armour
  7362 | D:9      | Noticed a two-headed ogre
  7376 | D:9      | Killed a two-headed ogre
  7377 | D:9      | Reached XP level 11. HP: 66/109 MP: 5/11
  7671 | D:9      | Found a runed translucent gate.
  7672 | D:9      | Found a runed translucent gate.
  7673 | D:9      | Found a runed translucent gate.
  7675 | D:9      | Noticed PurpleRed's ghost (novice DEBr)
  7888 | D:9      | Reached skill level 12 in Unarmed Combat
  8087 | D:10     | Entered Level 10 of the Dungeon
  8087 | D:10     | Noticed Nergalle
  8177 | D:10     | Killed Nergalle
  8524 | D:10     | Reached skill level 5 in Throwing
  8534 | D:10     | Identified the +0 cloak of Ru's Favour {Str+6 Slay-6}
  9452 | D:11     | Found a staircase to the Lair.
  9524 | D:11     | You fall into a shaft and drop 1 floor!
  9528 | D:12     | Noticed Erolcha
  9536 | D:12     | Found a staircase to the Orcish Mines.
  9865 | Lair:1   | Entered Level 1 of the Lair of Beasts
  9971 | Lair:1   | Reached skill level 13 in Unarmed Combat
 10185 | Lair:1   | Reached XP level 12. HP: 99/119 MP: 12/12
 10381 | Lair:1   | Noticed a five-headed hydra
 10394 | Lair:1   | Killed a four-headed hydra
 11372 | Lair:2   | Noticed Erica
 11380 | Lair:2   | Killed Erica
 11928 | Lair:3   | Noticed Rupert
 11928 | Lair:3   | Noticed an eight-headed hydra
 11987 | Lair:3   | Noticed a death yak
 11988 | Lair:3   | Noticed a death yak
 11988 | Lair:3   | Noticed a death yak
 11999 | Lair:3   | Noticed a death yak
 12002 | Lair:3   | Killed a death yak
 12008 | Lair:3   | Killed a death yak
 12016 | Lair:3   | Killed a death yak
 12017 | Lair:3   | Reached skill level 5 in Armour
 12021 | Lair:3   | Killed a death yak
 12022 | Lair:3   | Reached skill level 14 in Unarmed Combat
 12147 | D:12     | Noticed a two-headed ogre
 12153 | D:12     | Killed a two-headed ogre
 12607 | D:12     | Learned a level 2 spell: Wereblood
 12678 | D:12     | Killed Erolcha
 12813 | D:12     | Noticed a two-headed ogre
 12818 | D:12     | Killed a two-headed ogre
 12819 | D:12     | Reached XP level 13. HP: 128/128 MP: 13/13
 12898 | D:12     | Noticed Fannar
 12982 | D:11     | Reached skill level 1 in Transmutations
 12997 | D:11     | Killed Fannar
 13768 | D:13     | Found a gate to the Vaults.
 14392 | D:13     | Reached skill level 15 in Unarmed Combat
 14587 | Orc:1    | Entered Level 1 of the Orcish Mines
 14587 | Orc:1    | Noticed Sonja
 14587 | Orc:1    | Noticed Maurice
 14600 | D:12     | Killed Maurice
 14735 | D:12     | Killed Sonja
 14923 | Orc:2    | Entered Level 2 of the Orcish Mines
 14923 | Orc:2    | Found a runed translucent door.
 14996 | Orc:1    | Slain by a two-headed ogre

Illustrated notes

Levels and vault maps discovered:
D:1:      minmay_arrival_jagged, layout_basic, shapermc_ecumenical_altar_venn
D:2:      layout_loops_cross, corexii_leaking_fountain
D:3:      layout_loops_corners, minmay_three_crescents, uniq_terence,
          uniq_crazy_yiuf_cottage, uniq_sigmund
D:4:      layout_basic, mainiacjoe_overflow_brackets, zin_treasury,
          serial_shops, nicolae_shop_behind_doors,
          hangedman_abyss_or_decor_passed, uniq_pikel
D:5:      layout_rooms, led_sif_book
D:6:      layout_basic, kennysheep_okawaru_gauntlet, kennysheep_mini,
          minitemple, nicolae_stop_n_shop_1, st_stairs_4, minmay_puff
D:7:      layout_basic, lemuel_zombie_altar_yredelemnul,
          lemuel_temple_firewalk_b, enter_bailey_5,
          chequers_serial_rivers_room_a, minmay_misc_feat_doors,
          minmay_misc_feat_roman
D:8:      layout_basic, eino_small_chamber_without_monster
D:9:      layout_irregular_city, gammafunk_ghost_necromancy
D:10:     layout_roguey, nrook_mini_vaults, uniq_nergalle
D:11:     layout_roguey, grunt_lair_entry_orc_guard_hut
D:12:     layout_roguey, zombieorc2_lemuel, uniq_erolcha, uniq_fannar
D:13:     minmay_razor_zed, layout_basic
Lair:1:   layout_chaotic_city, chequers_serial_rivers_large_a,
          grunt_megastairs_5, lemuel_fruit_tree
Lair:2:   layout_cave_pods, serial_bayou_lake_a, grunt_megastairs_3, uniq_erica
Lair:3:   layout_roguey, minmay_snake_entry_six_corridors, basic_altar,
          serial_bayou_shore_a, uniq_rupert, uniq_urug
Orc:1:    layout_caves, uniq_sonja, uniq_maurice
Orc:2:    st_orc_ogre_mass, layout_caves, lightli_church_of_beogh

Skill      XL: |  1  2  3  4  5  6  7  8  9 10 11 12 13 |
---------------+----------------------------------------+-----
Unarmed Combat | 1 2 3 4 5 7 8 10 11 13 14 15 | 15.1
Fighting       | 3 4 5 6 7 8 9 |  9.3
Dodging        | 1 3 4 5 6 |  6.2
Evocations     | 1 2 3 4 |  4.6
Throwing       | 1 4 5 7 |  7.8
Armour         | 2 4 5 6 |  6.3
Transmutations | 2 |  2.6
Spellcasting   | 2 |  2.0
Long Blades    | |  2.4
Fire Magic     | |  2.1

Action                   |  1- 3 |  4- 6 |  7- 9 | 10-12 | 13-15 || total
-------------------------+-------+-------+-------+-------+-------++-------
Melee: Falchion          |    49 |       |       |     8 |       ||    57
       Punch             |     1 |     1 |     7 |    48 |    10 ||    67
       Unarmed           |    77 |   101 |   294 |   624 |   185 ||  1281
       Scimitar          |       |       |       |       |     5 ||     5
Throw: Dart              |       |       |       |     4 |       ||     4
       Large rock        |       |       |       |     7 |    19 ||    26
 Cast: Wereblood         |       |       |       |       |     5 ||     5
Invok: Fiery Armour      |       |     2 |       |     5 |       ||     7
       Foxfire Swarm     |       |     1 |       |     1 |       ||     2
Evoke: Wand              |       |       |    13 |    12 |       ||    25
  Use: Potion            |       |     1 |       |       |     3 ||     4
       Scroll            |       |       |     7 |    13 |     8 ||    28
Armor: Robe              |    62 |    25 |   100 |   185 |    60 ||   432
Dodge: Dodged            |    64 |    34 |   108 |   264 |    67 ||   537
Block: Other             |       |       |       |    56 |    33 ||    89
       Reflection        |       |       |       |       |     1 ||     1

Table legend: (Time is in decaauts)
 A = Elapsed time spent in this place.
 B = Non-inter-level travel time spent in this place.
 C = Inter-level travel time spent in this place.
 D = Time resting spent in this place.
 E = Time spent auto-exploring this place.
 F = Levels seen in this place.
 G = Mean time per level.
                   A        B        C        D        E       F      G
               +--------+--------+--------+--------+--------+-----+--------+
         Total |  14845 |  13857 |    988 |   1259 |   9023 |  19 |  781.3 |
       Dungeon |  12020 |  11284 |    736 |    933 |   7419 |  13 |  924.6 |
          Lair |   2321 |   2081 |    240 |    234 |   1461 |   3 |  773.7 |
  Orcish Mines |    201 |    190 |     11 |     45 |     87 |   2 |  100.5 |
        Bailey |    303 |    303 |      0 |     47 |     55 |   1 |  303.0 |
               +--------+--------+--------+--------+--------+-----+--------+

Top non-repeatable levels by time:
     D:7: 1309 daAuts
    D:11: 1214 daAuts
    D:13: 1181 daAuts
  Lair:2: 1135 daAuts
    D:12: 1118 daAuts
  Lair:1: 1095 daAuts
     D:9: 1003 daAuts
     D:4: 896 daAuts
     D:3: 870 daAuts
     D:6: 809 daAuts
    D:10: 781 daAuts
     D:8: 778 daAuts
     D:1: 758 daAuts
     D:5: 681 daAuts
     D:2: 617 daAuts
